[Event "19th Prague Open-A 2020"]
[Site "Prague"]
[Date "2020.01.10"]
[Round "1.1"]
[White "Tesar, Jan"]
[Black "Quesada Perez, Luis Ernesto"]
[Result "0-1"]
[ECO "A45"]
[WhiteElo "2001"]
[BlackElo "2491"]
[Annotator "ChessBase"]
[PlyCount "72"]
[EventDate "2020.01.10"]
[EventType "swiss"]
[EventCountry "CZE"]
[SourceTitle "playchess.com"]
[Source "ChessBase"]
[SourceQuality "1"]
[TimeControl "40/5400+30:1800+30"]

1. d4 Nf6 2. g3 c5 3. d5 e6 4. Nc3 d6 5. Bg2 Be7 6. e4 O-O 7. Nf3 exd5 8. exd5 Na6 9. O-O Bf5 10. Nh4 Bd7 11. a4 Re8 12. h3 h6 13. Nb5 Qb6 14. c4 Nb4 15. Bd2 a6 16. Nc3 Nh7 17. Nf3 Bf5 18. a5 Qd8 19. Ne2 Bc2 20. Qc1 Bd3 21. Nf4 Bxf1 22. Bxf1 Ng5 23. Nh4 Bf6 24. Nf5 Qd7 25. g4 Nf3+ 26. Kg2 Nd4 27. Nxd4 Bxd4 28. Ra3 Qe7 29. Rf3 Qe4 30. Bxb4 cxb4 31. Bd3 Qe1 32. Qc2 Qa1 33. Bh7+ Kh8 34. Bg6 Re1 35. Ne2 fxg6 36. Rf7 Qxb2 0-1

[Event "19th Prague Open-A 2020"]
[Site "Prague"]
[Date "2020.01.10"]
[Round "1.14"]
[White "Priehoda, Vitezslav"]
[Black "Sovina, Maria"]
[Result "1-0"]
[ECO "A36"]
[WhiteElo "2341"]
[BlackElo "1943"]
[Annotator "RC"]
[PlyCount "101"]
[EventDate "2020.01.10"]
[EventType "swiss"]
[EventCountry "CZE"]
[SourceTitle "playchess.com"]
[Source "ChessBase"]
[SourceQuality "1"]
[TimeControl "40/5400+30:1800+30"]

1. c4 c5 2. Nc3 Nc6 3. g3 g6 4. Bg2 Bg7 5. a3 e6 6. d3 Nge7 7. Nf3 O-O 8. Bg5 h6 9. Bd2 d5 10. cxd5 Nxd5 11. O-O b6 12. Rb1 Bb7 13. Nxd5 Qxd5 14. b4 cxb4 15. axb4 Nd4 16. Ne1 Qd7 17. Bxb7 Qxb7 18. Nc2 Nxc2 19. Qxc2 Rfc8 20. Qb3 Rc7 21. Rfc1 Rac8 22. b5 Rxc1+ 23. Rxc1 Rxc1+ 24. Bxc1 Qc8 25. Be3 h5 26. Kg2 Qb7+ 27. f3 Qc7 28. Bf2 Qe5 29. e4 Qc3 30. Qxc3 Bxc3 31. g4 hxg4 32. fxg4 e5 33. Bh4 Kf8 34. Bf6 Ke8 35. h4 Kd7 36. h5 gxh5 37. gxh5 Ke6 38. Bh4 Bd2 39. Kf3 Bh6 40. Kg4 f6 41. Be1 Bg5 42. Bb4 Bh6 43. Ba3 Be3 44. Bf8 Kf7 45. Bd6 Ke6 46. Bb8 Kd7 47. Kf5 Kc8 48. Bd6 Kd7 49. Bb4 Bg5 50. Kg6 Ke6 51. Bf8 1-0

[Event "19th Prague Open-A 2020"]
[Site "Prague"]
[Date "2020.01.11"]
[Round "3.1"]
[White "Nasshan, Dennis"]
[Black "Quesada Perez, Luis Ernesto"]
[Result "0-1"]
[ECO "A62"]
[WhiteElo "2307"]
[BlackElo "2491"]
[Annotator "RC"]
[PlyCount "104"]
[EventDate "2020.01.10"]
[EventType "swiss"]
[EventCountry "CZE"]
[SourceTitle "playchess.com"]
[Source "ChessBase"]
[SourceQuality "1"]
[TimeControl "40/5400+30:1800+30"]

1. d4 Nf6 2. c4 c5 3. d5 e6 4. Nc3 exd5 5. cxd5 d6 6. Nf3 g6 7. g3 Bg7 8. Bg2 O-O 9. O-O Re8 10. Nd2 Nbd7 11. h3 a6 12. a4 Rb8 13. Nc4 Ne5 14. Na3 Nh5 15. e4 Bd7 16. a5 b5 17. axb6 Bb5 18. Naxb5 axb5 19. Nxb5 Qxb6 20. Nc3 Nc4 21. Ra2 Qb3 22. Qxb3 Rxb3 23. g4 Nf6 24. f4 Reb8 25. Rf2 Nd7 26. Rc2 Bd4+ 27. Kh2 Be3 28. Bxe3 Nxe3 29. Re2 Nc4 30. Nd1 g5 31. Rc2 Ne3 32. Nxe3 Rxe3 33. Ra7 Rd8 34. fxg5 Rb3 35. Bf1 Ne5 36. Ra3 Rb4 37. Bg2 Rdb8 38. Ra6 R4b6 39. Rxb6 Rxb6 40. Bf1 Rb3 41. Bc4 Re3 42. b3 Nf3+ 43. Kh1 Nxg5 44. Re2 Rxh3+ 45. Kg2 f6 46. Ra2 Re3 47. Ra8+ Kg7 48. Ra7+ Kh6 49. Rd7 Nxe4 50. Re7 Kg5 51. Rxh7 Kxg4 52. Rg7+ Kf4 0-1

[Event "19th Prague Open-A 2020"]
[Site "Prague"]
[Date "2020.01.11"]
[Round "3.2"]
[White "Stankovic, Milos"]
[Black "Svanda, Ondrej"]
[Result "1/2-1/2"]
[ECO "B47"]
[WhiteElo "2466"]
[BlackElo "2257"]
[Annotator "ChessBase"]
[PlyCount "62"]
[EventDate "2020.01.10"]
[EventType "swiss"]
[EventCountry "CZE"]
[SourceTitle "playchess.com"]
[Source "ChessBase"]
[SourceQuality "1"]
[TimeControl "40/5400+30:1800+30"]

1. e4 c5 2. Nf3 e6 3. d4 cxd4 4. Nxd4 Nc6 5. Nc3 Qc7 6. f4 a6 7. Nxc6 bxc6 8. Bd3 d5 9. O-O Nf6 10. Qf3 Be7 11. Kh1 O-O 12. Bd2 Re8 13. Rae1 Bf8 14. Qg3 g6 15. b3 Bg7 16. e5 Nd7 17. h4 a5 18. h5 Ba6 19. Na4 Bxd3 20. cxd3 c5 21. Rc1 Qa7 22. Rc2 Bf8 23. Rfc1 Qa6 24. Qh3 Rac8 25. Be1 Rc6 26. Bf2 Rec8 27. Nc3 Qb7 28. Nd1 Qa6 29. Nc3 Qb7 30. Nd1 Qa6 31. Nc3 Qb7 1/2-1/2

[Event "19th Prague Open-A 2020"]
[Site "Prague"]
[Date "2020.01.11"]
[Round "3.4"]
[White "Vignesh B"]
[Black "Budnikov, Oleg"]
[Result "1/2-1/2"]
[ECO "B32"]
[WhiteElo "1912"]
[BlackElo "2432"]
[Annotator "ChessBase"]
[PlyCount "81"]
[EventDate "2020.01.10"]
[EventType "swiss"]
[EventCountry "CZE"]
[SourceTitle "playchess.com"]
[Source "ChessBase"]
[SourceQuality "1"]
[TimeControl "40/5400+30:1800+30"]

1. e4 c5 2. Nf3 Nc6 3. d4 cxd4 4. Nxd4 Qb6 5. Nb3 Nf6 6. Nc3 e6 7. Be3 Qc7 8. a3 a6 9. f4 d6 10. a4 b6 11. Be2 Be7 12. O-O O-O 13. Bf3 Rb8 14. Qe1 Na5 15. Nd2 b5 16. axb5 axb5 17. Qf2 b4 18. Na4 Nd7 19. Rfc1 Bf6 20. c3 bxc3 21. Nxc3 Qd8 22. Rab1 Rb4 23. b3 Bxc3 24. Rxc3 Bb7 25. Nc4 Nxc4 26. Rxc4 Rxc4 27. bxc4 Qa8 28. Rd1 Nf6 29. e5 dxe5 30. fxe5 Ne4 31. Qc2 Rc8 32. Rd4 Nc5 33. Bxb7 Qxb7 34. h3 Qc7 35. Qd1 Nb7 36. Qh5 Qa5 37. Rd7 Rf8 38. Kh2 Nd8 39. Ra7 Qb4 40. Qg4 Qb8 41. Ra5 1/2-1/2

[Event "19th Prague Open-A 2020"]
[Site "Prague"]
[Date "2020.01.11"]
[Round "3.5"]
[White "Pushkov, Nikolai"]
[Black "Lalic, Bogdan"]
[Result "1/2-1/2"]
[ECO "E15"]
[WhiteElo "2239"]
[BlackElo "2402"]
[Annotator "ChessBase"]
[PlyCount "24"]
[EventDate "2020.01.10"]
[EventType "swiss"]
[EventCountry "CZE"]
[SourceTitle "playchess.com"]
[Source "ChessBase"]
[SourceQuality "1"]
[TimeControl "40/5400+30:1800+30"]

1. d4 Nf6 2. c4 e6 3. Nf3 b6 4. g3 Ba6 5. Qa4 Bb7 6. Bg2 c5 7. dxc5 bxc5 8. Nc3 Be7 9. O-O O-O 10. Rd1 Qb6 11. Qb5 Qc7 12. Bf4 d6 1/2-1/2

[Event "19th Prague Open-A 2020"]
[Site "Prague"]
[Date "2020.01.11"]
[Round "3.6"]
[White "Sharma Isha"]
[Black "Kozak, Antoni"]
[Result "1-0"]
[ECO "B40"]
[WhiteElo "2169"]
[BlackElo "2380"]
[Annotator "ChessBase"]
[PlyCount "179"]
[EventDate "2020.01.10"]
[EventType "swiss"]
[EventCountry "CZE"]
[SourceTitle "playchess.com"]
[Source "ChessBase"]
[SourceQuality "1"]
[TimeControl "40/5400+30:1800+30"]

1. e4 c5 2. Nf3 e6 3. g3 d5 4. exd5 exd5 5. d4 Nf6 6. Bg2 cxd4 7. O-O Be7 8. Nxd4 O-O 9. c3 Nc6 10. Bf4 Bg4 11. Qd3 Qd7 12. Re1 Bc5 13. Nb3 Bb6 14. Na3 Rfe8 15. Nb5 Ne4 16. N5d4 Bh5 17. Qb5 Bg6 18. a4 Nb8 19. Bf1 Qxb5 20. Bxb5 Rc8 21. a5 Bd8 22. f3 Nf6 23. g4 h6 24. h4 a6 25. Bf1 Nc6 26. Bh3 Bc7 27. g5 Bxf4 28. Bxc8 Rxc8 29. gxf6 Bg3 30. Re2 Bxh4 31. fxg7 Bf6 32. Nxc6 bxc6 33. Rd1 Rb8 34. Nc5 Rb5 35. Nxa6 Rxa5 36. Nb4 Rc5 37. Re8+ Kxg7 38. Rc8 Rb5 39. Rxc6 d4 40. Kg2 dxc3 41. bxc3 Bxc3 42. Rxc3 Rxb4 43. Kg3 Rb5 44. Rd4 Rg5+ 45. Kf2 Ra5 46. f4 Rb5 47. Kg3 Ra5 48. Rdc4 Bf5 49. Kh4 Ra1 50. Kg3 Ra5 51. Rc5 Rxc5 52. Rxc5 Kg6 53. Rc6+ f6 54. Rc7 Be4 55. Kg4 Bf5+ 56. Kh4 Be4 57. Rc5 Bf5 58. Ra5 Bd3 59. Kg4 Be2+ 60. Kg3 Bd3 61. Kf3 Bf5 62. Ra1 Bc2 63. Rg1+ Kf5 64. Ke3 h5 65. Rc1 Bb3 66. Rc3 Bd1 67. Rc5+ Kg4 68. Rc1 Ba4 69. Ke4 Bd7 70. Rg1+ Kh3 71. f5 h4 72. Kf4 Kh2 73. Rd1 Bc8 74. Rd2+ Kg1 75. Rd1+ Kg2 76. Rd2+ Kg1 77. Rd8 Bxf5 78. Kxf5 h3 79. Kg4 h2 80. Rd1+ Kg2 81. Rd2+ Kg1 82. Kg3 h1=N+ 83. Kf3 f5 84. Rd1+ Kh2 85. Rd8 f4 86. Rd2+ Kg1 87. Kxf4 Nf2 88. Kf3 Nh3 89. Kg3 Ng5 90. Rd1# 1-0

[Event "19th Prague Open-A 2020"]
[Site "Prague"]
[Date "2020.01.11"]
[Round "3.7"]
[White "Hrbek, Stepan"]
[Black "Peng, Hongchi"]
[Result "0-1"]
[ECO "B47"]
[WhiteElo "2126"]
[BlackElo "2362"]
[Annotator "ChessBase"]
[PlyCount "88"]
[EventDate "2020.01.10"]
[EventType "swiss"]
[EventCountry "CZE"]
[SourceTitle "playchess.com"]
[Source "ChessBase"]
[SourceQuality "1"]
[TimeControl "40/5400+30:1800+30"]

1. e4 c5 2. Nf3 e6 3. d4 cxd4 4. Nxd4 Nc6 5. Nc3 Qc7 6. Be2 a6 7. O-O Nf6 8. Be3 b5 9. Nxc6 dxc6 10. f4 b4 11. Na4 Rb8 12. Bf3 Be7 13. b3 O-O 14. Nb2 a5 15. Nc4 Ba6 16. Qe1 Bxc4 17. bxc4 Nd7 18. Qe2 Bc5 19. Bxc5 Nxc5 20. e5 Rfd8 21. Qe3 Nd7 22. Rfd1 Qb6 23. Qxb6 Nxb6 24. Bxc6 Nxc4 25. Kf2 Rdc8 26. Be4 Rc7 27. Rd4 Kf8 28. Rad1 Ke7 29. Ke2 Na3 30. Kd2 Nb5 31. Rd3 Nc3 32. Re1 Rbc8 33. Bf3 Nxa2 34. Bd1 Nc3 35. Bf3 Na4 36. Rc1 Nb2 37. Rb3 Nc4+ 38. Kd1 Rd8+ 39. Ke2 Na3 40. Be4 Nb5 41. Rd3 b3 42. Rxd8 Kxd8 43. Kd3 b2 44. Rb1 Rd7+ {[%emt 0:00:09] Kd4} 0-1

[Event "19th Prague Open-A 2020"]
[Site "Prague"]
[Date "2020.01.11"]
[Round "3.9"]
[White "Vokac, Marek"]
[Black "Riha, Vojtech"]
[Result "1/2-1/2"]
[ECO "E92"]
[WhiteElo "2334"]
[BlackElo "2247"]
[Annotator "ChessBase"]
[PlyCount "54"]
[EventDate "2020.01.10"]
[EventType "swiss"]
[EventCountry "CZE"]
[SourceTitle "playchess.com"]
[Source "ChessBase"]
[SourceQuality "1"]
[TimeControl "40/5400+30:1800+30"]

1. Nf3 Nf6 2. c4 g6 3. Nc3 Bg7 4. e4 d6 5. d4 O-O 6. Be2 e5 7. d5 a5 8. Bg5 h6 9. Be3 Na6 10. Nd2 Nd7 11. g4 f5 12. gxf5 gxf5 13. exf5 Ndc5 14. Rg1 Kh8 15. Nde4 Bxf5 16. Ng3 Bg6 17. Nh5 Bxh5 18. Bxh5 Qh4 19. Bg6 e4 20. Nxe4 Nxe4 21. Rg4 Qf6 22. Bxe4 Rae8 23. Qd2 Rxe4 24. Rxe4 Qf3 25. Re7 Qh1+ 26. Ke2 Qf3+ 27. Ke1 Qh1+ 1/2-1/2

[Event "19th Prague Open-A 2020"]
[Site "Prague"]
[Date "2020.01.11"]
[Round "3.10"]
[White "Jordanov Mihail"]
[Black "Liu, Zhaoqi"]
[Result "1/2-1/2"]
[ECO "C03"]
[WhiteElo "2012"]
[BlackElo "2328"]
[Annotator "ChessBase"]
[PlyCount "94"]
[EventDate "2020.01.10"]
[EventType "swiss"]
[EventCountry "CZE"]
[SourceTitle "playchess.com"]
[Source "ChessBase"]
[SourceQuality "1"]
[TimeControl "40/5400+30:1800+30"]

1. e4 e6 2. d4 d5 3. Nd2 Be7 4. Bd3 c5 5. dxc5 Nf6 6. Qe2 O-O 7. Ngf3 a5 8. O-O Na6 9. e5 Nd7 10. c3 Naxc5 11. Bc2 b5 12. Nb3 b4 13. cxb4 axb4 14. Re1 Nxb3 15. Qd3 g6 16. Qxb3 Nc5 17. Qe3 d4 18. Nxd4 Bb7 19. Nb3 Qd5 20. Qg3 Rfd8 21. Be3 Nxb3 22. Bxb3 Qb5 23. Bg5 Bxg5 24. Qxg5 Rd4 25. Rad1 Rad8 26. h3 Qc6 27. Rxd4 Rxd4 28. Rd1 h6 29. Qg3 Rxd1+ 30. Bxd1 Qc1 31. Qd3 Bd5 32. b3 Qg5 33. Bf3 Qxe5 34. Bxd5 exd5 35. Qd2 d4 36. Kf1 Qb5+ 37. Ke1 d3 38. Qe3 Qa6 39. Qe8+ Kg7 40. Qe5+ Kh7 41. Qd5 Kg7 42. Qd4+ Kg8 43. Qd8+ Kh7 44. Qd7 Kg7 45. Qd4+ Kg8 46. Qd8+ Kh7 47. Qd7 Kg7 1/2-1/2

[Event "19th Prague Open-A 2020"]
[Site "Prague"]
[Date "2020.01.11"]
[Round "3.12"]
[White "Laxman, R.R."]
[Black "Pniaczek, Marek"]
[Result "1/2-1/2"]
[ECO "E06"]
[WhiteElo "2441"]
[BlackElo "2145"]
[Annotator "ChessBase"]
[PlyCount "99"]
[EventDate "2020.01.10"]
[EventType "swiss"]
[EventCountry "CZE"]
[SourceTitle "playchess.com"]
[Source "ChessBase"]
[SourceQuality "1"]
[TimeControl "40/5400+30:1800+30"]

1. d4 d5 2. Nf3 Nf6 3. c4 e6 4. g3 Be7 5. Bg2 O-O 6. O-O dxc4 7. Qc2 a6 8. a4 Bd7 9. Qxc4 Bc6 10. Bf4 Nbd7 11. Nc3 Bd6 12. a5 Bxf4 13. gxf4 Nd5 14. e3 Nxc3 15. Qxc3 Nf6 16. Ne5 Bxg2 17. Kxg2 Rc8 18. Qb3 Qd5+ 19. Qxd5 exd5 20. Rfc1 Ne4 21. b4 f6 22. Nd7 Rf7 23. Nc5 Nd6 24. Kf3 c6 25. Kg4 g6 26. Kf3 Nf5 27. Ke2 Re7 28. Kd3 Nd6 29. Rg1 Kf7 30. Rae1 Ne4 31. f3 Nxc5+ 32. bxc5 f5 33. e4 fxe4+ 34. fxe4 Rxe4 35. Rxe4 dxe4+ 36. Kxe4 Re8+ 37. Kf3 Kf6 38. Rb1 Re7 39. d5 cxd5 40. Rb6+ Kf5 41. Rd6 Re1 42. Rxd5+ Ke6 43. Rd6+ Kf5 44. Rd7 Rb1 45. Rf7+ Ke6 46. Rxh7 Rb5 47. Rc7 Rxa5 48. Kg4 Kf6 49. Rxb7 Rxc5 50. Rb6+ {[%emt 0:00:01] Ke5} 1/2-1/2

[Event "19th Prague Open-A 2020"]
[Site "Prague"]
[Date "2020.01.11"]
[Round "3.13"]
[White "Quesada Vera, Liordis"]
[Black "Eriksson, Christian Altenburg"]
[Result "1-0"]
[ECO "B22"]
[WhiteElo "2386"]
[BlackElo "2121"]
[Annotator "ChessBase"]
[PlyCount "57"]
[EventDate "2020.01.10"]
[EventType "swiss"]
[EventCountry "CZE"]
[SourceTitle "playchess.com"]
[Source "ChessBase"]
[SourceQuality "1"]
[TimeControl "40/5400+30:1800+30"]

1. e4 c5 2. c3 d5 3. exd5 Qxd5 4. d4 g6 5. Na3 Bg7 6. Nb5 Na6 7. Be3 cxd4 8. Qa4 Qd7 9. O-O-O Kf8 10. Nf3 Nh6 11. Nfxd4 Qe8 12. f3 Nf5 13. Nxf5 Bxf5 14. Qa5 h5 15. h4 Bf6 16. Nd4 Bd7 17. Bg5 Bxg5+ 18. hxg5 Kg7 19. Bxa6 bxa6 20. Rhe1 Bb5 21. Qc7 e6 22. Rxe6 Qc8 23. Re7 Qxc7 24. Ne6+ Kg8 25. Nxc7 Rc8 26. Nxb5 axb5 27. Rdd7 Rh7 28. Rxa7 Rc5 29. f4 1-0

[Event "19th Prague Open-A 2020"]
[Site "Prague"]
[Date "2020.01.11"]
[Round "3.14"]
[White "Neuman, Petr"]
[Black "Balinski, Damian"]
[Result "1/2-1/2"]
[ECO "B07"]
[WhiteElo "2371"]
[BlackElo "2139"]
[Annotator "ChessBase"]
[PlyCount "96"]
[EventDate "2020.01.10"]
[EventType "swiss"]
[EventCountry "CZE"]
[SourceTitle "playchess.com"]
[Source "ChessBase"]
[SourceQuality "1"]
[TimeControl "40/5400+30:1800+30"]

1. e4 d6 2. d4 Nf6 3. Nc3 g6 4. h3 Bg7 5. g4 h5 6. g5 Nfd7 7. f4 Nb6 8. Bg2 c6 9. Nge2 d5 10. f5 gxf5 11. e5 e6 12. Ng3 h4 13. Nh5 Kf8 14. Nxg7 Kxg7 15. Ne2 N8d7 16. Nf4 Nf8 17. Nh5+ Kg6 18. Bf3 Bd7 19. b3 Be8 20. Be3 c5 21. c3 cxd4 22. cxd4 Rc8 23. O-O Nbd7 24. Kh1 Nb8 25. Rg1 Nc6 26. Rc1 Nb4 27. Rxc8 Qxc8 28. Qd2 Nc6 29. Bf2 Qd8 30. Bxh4 Qa5 31. Qe3 Qxa2 32. Bf2 Nb4 33. h4 Bb5 34. Nf6 Kg7 35. h5 Ng6 36. Rc1 Nd3 37. h6+ Kf8 38. Be1 Qa3 39. Rc8+ Ke7 40. Rc7+ Kd8 41. Rxb7 Qa1 42. Rxb5 Nxe1 43. Qg1 Qc3 44. Bg2 Nxg2 45. Qxg2 Qe1+ 46. Qg1 Qh4+ 47. Qh2 Qe1+ 48. Qg1 Qh4+ 1/2-1/2

[Event "19th Prague Open-A 2020"]
[Site "Prague"]
[Date "2020.01.11"]
[Round "3.15"]
[White "Malovanyi, Yulian"]
[Black "Saglam, Buelent"]
[Result "1-0"]
[ECO "C01"]
[WhiteElo "2360"]
[BlackElo "2118"]
[Annotator "ChessBase"]
[PlyCount "75"]
[EventDate "2020.01.10"]
[EventType "swiss"]
[EventCountry "CZE"]
[SourceTitle "playchess.com"]
[Source "ChessBase"]
[SourceQuality "1"]
[TimeControl "40/5400+30:1800+30"]

1. e4 e6 2. d4 d5 3. exd5 exd5 4. Nf3 Nf6 5. Bd3 Bd6 6. O-O O-O 7. Bg5 Be6 8. Nbd2 Nbd7 9. c4 c6 10. c5 Bc7 11. Qc2 Qb8 12. Rfe1 h6 13. Bh4 Nh5 14. Bg3 Nf4 15. Bxf4 Bxf4 16. b4 a6 17. a4 Qd8 18. Rab1 Qf6 19. b5 axb5 20. axb5 Bxd2 21. Qxd2 Bf5 22. bxc6 bxc6 23. Rb7 Rfb8 24. Rc7 Rc8 25. Rxc8+ Rxc8 26. Qc2 Bg4 27. Ne5 Re8 28. Qa4 g5 29. Re3 Nxe5 30. dxe5 Qe6 31. h4 Bh5 32. f4 Qe7 33. Qxc6 gxf4 34. Qxh6 f5 35. Qxf4 Qxc5 36. Kh2 Bg4 37. Bxf5 Bxf5 38. Rg3+ 1-0

[Event "19th Prague Open-A 2020"]
[Site "Prague"]
[Date "2020.01.11"]
[Round "3.16"]
[White "Priehoda, Vitezslav"]
[Black "Laverton, Christian"]
[Result "1/2-1/2"]
[ECO "A06"]
[WhiteElo "2341"]
[BlackElo "2109"]
[Annotator "ChessBase"]
[PlyCount "33"]
[EventDate "2020.01.10"]
[EventType "swiss"]
[EventCountry "CZE"]
[SourceTitle "playchess.com"]
[Source "ChessBase"]
[SourceQuality "1"]
[TimeControl "40/5400+30:1800+30"]

1. Nf3 d5 2. c4 c6 3. e3 Nf6 4. Nc3 a6 5. h3 b5 6. b3 g6 7. Bb2 Bg7 8. d4 O-O 9. Bd3 Nbd7 10. O-O bxc4 11. bxc4 Rb8 12. Rb1 Qa5 13. Qe2 dxc4 14. Bxc4 c5 15. Rfd1 Bb7 16. Ne5 e6 17. f4 1/2-1/2

[Event "19th Prague Open-A 2020"]
[Site "Prague"]
[Date "2020.01.12"]
[Round "4.4"]
[White "Budnikov, Oleg"]
[Black "Pushkov, Nikolai"]
[Result "1/2-1/2"]
[ECO "C10"]
[WhiteElo "2432"]
[BlackElo "2239"]
[Annotator "ChessBase"]
[PlyCount "86"]
[EventDate "2020.01.10"]
[EventType "swiss"]
[EventCountry "CZE"]
[SourceTitle "playchess.com"]
[Source "ChessBase"]
[SourceQuality "1"]
[TimeControl "40/5400+30:1800+30"]

1. e4 e6 2. d4 d5 3. Nc3 dxe4 4. Nxe4 Nd7 5. Bd3 Ngf6 6. Qe2 c5 7. Nxf6+ Nxf6 8. dxc5 Bxc5 9. Nf3 Qc7 10. Bd2 O-O 11. O-O-O b6 12. Bc3 Bb7 13. Be5 Qe7 14. h4 Rfd8 15. Rh3 Bd6 16. Rg3 Bxf3 17. gxf3 Bxe5 18. Qxe5 Rd5 19. Bxh7+ Kf8 20. Rxd5 exd5 21. Qxe7+ Kxe7 22. Bd3 g6 23. f4 Rh8 24. f5 gxf5 25. Bxf5 Rxh4 26. Ra3 a5 27. Rb3 Rf4 28. Bd3 Nd7 29. Bb5 Nc5 30. Re3+ Kd6 31. f3 d4 32. Re8 Rxf3 33. Rd8+ Ke5 34. Bc4 f5 35. Rd5+ Ke4 36. Rd6 Rg3 37. b3 d3 38. cxd3+ Nxd3+ 39. Kd2 Rg2+ 40. Kc3 Nb4 41. Re6+ Kf4 42. a3 Rc2+ 43. Kd4 Rd2+ {[%emt 0:00:10] Ke4+ Ke5+} 1/2-1/2

[Event "19th Prague Open-A 2020"]
[Site "Prague"]
[Date "2020.01.12"]
[Round "4.6"]
[White "Lalic, Bogdan"]
[Black "Vignesh B"]
[Result "1/2-1/2"]
[ECO "E11"]
[WhiteElo "2402"]
[BlackElo "1912"]
[Annotator "ChessBase"]
[PlyCount "39"]
[EventDate "2020.01.10"]
[EventType "swiss"]
[EventCountry "CZE"]
[SourceTitle "playchess.com"]
[Source "ChessBase"]
[SourceQuality "1"]
[TimeControl "40/5400+30:1800+30"]

1. d4 Nf6 2. c4 e6 3. Nf3 Bb4+ 4. Nbd2 O-O 5. a3 Be7 6. e4 d5 7. e5 Nfd7 8. Bd3 c5 9. O-O Nc6 10. Re1 dxc4 11. Nxc4 cxd4 12. b4 b5 13. Be4 Bb7 14. Nxd4 Nxd4 15. Bxb7 Rb8 16. Na5 Nc5 17. Bf3 Rc8 18. Be3 Nd3 19. Bxd4 Nxe1 20. Be4 1/2-1/2

[Event "19th Prague Open-A 2020"]
[Site "Prague"]
[Date "2020.01.12"]
[Round "4.7"]
[White "Svanda, Ondrej"]
[Black "Quesada Vera, Liordis"]
[Result "0-1"]
[ECO "B07"]
[WhiteElo "2257"]
[BlackElo "2386"]
[Annotator "ChessBase"]
[PlyCount "58"]
[EventDate "2020.01.10"]
[EventType "swiss"]
[EventCountry "CZE"]
[SourceTitle "playchess.com"]
[Source "ChessBase"]
[SourceQuality "1"]
[TimeControl "40/5400+30:1800+30"]

1. e4 d6 2. d4 Nf6 3. Nc3 Nbd7 4. Nf3 e5 5. Bc4 Be7 6. O-O O-O 7. a4 c6 8. Re1 Qc7 9. h3 h6 10. Be3 Rd8 11. Qb1 exd4 12. Bxd4 Ne5 13. Nxe5 dxe5 14. Be3 Bb4 15. f3 Qe7 16. Qa2 Rf8 17. Qb3 Nh5 18. Red1 Nf4 19. Ne2 b5 20. axb5 cxb5 21. Bxb5 Rb8 22. Bxf4 exf4 23. Qd3 Qg5 24. Nd4 Bc5 25. Bc4 Bxh3 26. Rd2 Rxb2 27. c3 Rfb8 28. Qe2 Bxg2 29. Rxb2 Bxf3+ 0-1

[Event "19th Prague Open-A 2020"]
[Site "Prague"]
[Date "2020.01.12"]
[Round "4.10"]
[White "Liu, Zhaoqi"]
[Black "Toman, Jan"]
[Result "1-0"]
[ECO "A16"]
[WhiteElo "2328"]
[BlackElo "2101"]
[Annotator "ChessBase"]
[PlyCount "94"]
[EventDate "2020.01.10"]
[EventType "swiss"]
[EventCountry "CZE"]
[SourceTitle "playchess.com"]
[Source "ChessBase"]
[SourceQuality "1"]
[TimeControl "40/5400+30:1800+30"]

1. c4 Nf6 2. Nc3 g6 3. g3 Bg7 4. Bg2 c6 5. e4 d6 6. Nge2 e5 7. d4 exd4 8. Nxd4 O-O 9. O-O Nbd7 10. h3 Re8 11. Re1 Nc5 12. b4 Ne6 13. Nb3 Nh5 14. Qd3 Qf6 15. Bd2 Ng5 16. Kh2 Nxh3 17. Bxh3 Qxf2+ 18. Bg2 Nxg3 19. Qf3 Qxf3 20. Bxf3 Be5 21. Kg2 h5 22. Rac1 f6 23. Ne2 Nxe2 24. Rxe2 Be6 25. Na5 Re7 26. Bc3 Rh7 27. Bxe5 dxe5 28. Rd2 g5 29. Nb3 Rf8 30. Nc5 Bc8 31. Rcd1 g4 32. Be2 f5 33. exf5 Bxf5 34. Nd7 Be4+ 35. Kg1 Rf5 36. Nc5 Bf3 37. Rd8+ Kg7 38. R1d7+ Kh6 39. Rxh7+ Kxh7 40. Bd3 e4 41. Nxe4 Kh6 42. Ng3 Rf7 43. Rh8+ Kg5 44. Rxh5+ Kf4 45. Kf2 b6 46. a3 Rf6 47. Rh7 a5 1-0

[Event "19th Prague Open-A 2020"]
[Site "Prague"]
[Date "2020.01.12"]
[Round "4.11"]
[White "Strebkovs, Andrejs"]
[Black "Jordanov Mihail"]
[Result "1-0"]
[ECO "E15"]
[WhiteElo "2278"]
[BlackElo "2012"]
[Annotator "ChessBase"]
[PlyCount "111"]
[EventDate "2020.01.10"]
[EventType "swiss"]
[EventCountry "CZE"]
[SourceTitle "playchess.com"]
[Source "ChessBase"]
[SourceQuality "1"]
[TimeControl "40/5400+30:1800+30"]

1. d4 Nf6 2. c4 e6 3. Nf3 b6 4. g3 Ba6 5. b3 Bb4+ 6. Bd2 Be7 7. Bg2 O-O 8. O-O c6 9. Bc3 d5 10. Ne5 Nfd7 11. Nxd7 Nxd7 12. Nd2 f5 13. Re1 Nf6 14. a4 Qc7 15. Rc1 Rad8 16. Qc2 Ne4 17. Nxe4 dxe4 18. f3 Bg5 19. e3 exf3 20. Bxf3 Bb7 21. Rcd1 c5 22. d5 exd5 23. cxd5 Qf7 24. Qg2 Rd7 25. e4 Rfd8 26. e5 Bxd5 27. Rxd5 Rxd5 28. e6 Qb7 29. e7 Bxe7 30. Bxd5+ Rxd5 31. Rxe7 Rd1+ 32. Re1 Qxg2+ 33. Kxg2 Rd3 34. Rc1 a6 35. Kf2 b5 36. Ke2 Rd7 37. Bd2 bxa4 38. bxa4 Rd4 39. a5 c4 40. Rb1 Re4+ 41. Kd1 Re7 42. Rb6 Ra7 43. Rc6 Kf7 44. Kc2 Ke7 45. Kc3 Kd7 46. Rxc4 Kd6 47. Be3 Rb7 48. Rb4 Rxb4 49. Kxb4 Kd5 50. Bc5 g5 51. Be7 h6 52. Bf8 h5 53. Bh6 h4 54. gxh4 gxh4 55. h3 Ke4 56. Bg5 1-0

[Event "19th Prague Open-A 2020"]
[Site "Prague"]
[Date "2020.01.12"]
[Round "4.12"]
[White "Wang, Yukun"]
[Black "Neuman, Petr"]
[Result "1/2-1/2"]
[ECO "B90"]
[WhiteElo "1990"]
[BlackElo "2371"]
[Annotator "ChessBase"]
[PlyCount "67"]
[EventDate "2020.01.10"]
[EventType "swiss"]
[EventCountry "CZE"]
[SourceTitle "playchess.com"]
[Source "ChessBase"]
[SourceQuality "1"]
[TimeControl "40/5400+30:1800+30"]

1. e4 c5 2. Nf3 d6 3. d4 cxd4 4. Nxd4 Nf6 5. Nc3 a6 6. Be3 e6 7. f3 b5 8. g4 Bb7 9. Qd2 Nfd7 10. g5 Nb6 11. Bd3 N8d7 12. a4 bxa4 13. Nxa4 Nxa4 14. Rxa4 d5 15. Nb3 Bc6 16. Rxa6 Rxa6 17. Bxa6 dxe4 18. Nd4 Ba8 19. O-O Bc5 20. b4 Bb6 21. c4 O-O 22. c5 Bxc5 23. bxc5 Nxc5 24. Be2 exf3 25. Nxf3 Qxd2 26. Nxd2 Ne4 27. Bf3 Nc3 28. Bxa8 Rxa8 29. Nc4 Nd5 30. Bd2 Ra2 31. Rb1 f6 32. Rb7 fxg5 33. Bxg5 h6 34. Bd8 1/2-1/2

[Event "19th Prague Open-A 2020"]
[Site "Prague"]
[Date "2020.01.12"]
[Round "4.15"]
[White "Mis, Mieszko"]
[Black "Sindler, Michal"]
[Result "1-0"]
[ECO "E62"]
[WhiteElo "2349"]
[BlackElo "2119"]
[Annotator "ChessBase"]
[PlyCount "65"]
[EventDate "2020.01.10"]
[EventType "swiss"]
[EventCountry "CZE"]
[SourceTitle "playchess.com"]
[Source "ChessBase"]
[SourceQuality "1"]
[TimeControl "40/5400+30:1800+30"]

1. d4 Nf6 2. c4 g6 3. g3 Bg7 4. Bg2 O-O 5. Nc3 d6 6. Nf3 c6 7. O-O Qa5 8. e4 e5 9. h3 Nbd7 10. Re1 exd4 11. Nxd4 Ne5 12. Bf1 Re8 13. Be3 c5 14. Nb3 Qb4 15. Bd2 Qb6 16. Nb5 Be6 17. Ba5 Qc6 18. Nc7 Nxc4 19. Nxa8 Rxa8 20. Bc3 Qc7 21. Qc2 Nb6 22. e5 dxe5 23. Bxe5 Qc8 24. Qxc5 Bxh3 25. Qxc8+ Bxc8 26. Bg2 Nc4 27. Bd4 Be6 28. Rac1 Nb6 29. Nc5 Bxa2 30. b3 Rd8 31. Bxf6 Bxf6 32. Re2 Bg5 33. f4 1-0